 Dungeon Crawl Stone Soup version 0.25-a0-413-g3b4b6a4 (webtiles) character file.

Game seed: 2585881528330914243, levelgen mode: deterministic

3089 BlueFish the Martial Artist (level 9, 0/64 HPs)
             Began as an Octopode Transmuter on Jan 15, 2020.
             Was a Follower of Sif Muna.
             Slain by a killer bee (2 damage)
             ... on level 7 of the Dungeon.
             The game lasted 00:21:47 (7560 turns).

BlueFish the Martial Artist (Octopode Transmuter)   Turns: 7560, Time: 00:21:47

Health: 0/64       AC:  6    Str: 17    XL:     9   Next: 89%
Magic:  14/16      EV: 11    Int: 16    God:    Sif Muna [*.....]
Gold:   327        SH:  0    Dex: 12    Spells: 7/17 levels left

rFire    x . .     SeeInvis +     - Unarmed
rCold    + + +     Gourm    +   (shield currently unavailable)
rNeg     . . .     Faith    .   (helmet currently unavailable)
rPois    +         Spirit   .   h - amulet of the gourmand
rElec    .         Reflect  .   k - ring of resist corrosion
rCorr    +         Harm     .   j - ring of wizardry
MR       .....                  q - +5 ring of strength
Stlth    +++.......             s - ring of see invisible
HPRegen  0.20/turn              (no ring)
MPRegen  0.15/turn              (no ring)
                                (no ring)
                                (no ring)

@: ice-form
A: large, almost no armour, stealthy swim, amphibious, 8 rings, (constrict 8)
a: End Transformation, Channel Magic, Renounce Religion


You were on level 7 of the Dungeon.
You worshipped Sif Muna.
Sif Muna was aware of your devotion.
You were very full.
You were a creature of crystalline ice.
You visited 2 branches of the dungeon, and saw 9 of its levels.

You collected 327 gold pieces.

Inventory:

Missiles
 a - 155 arrows
Jewellery
 e - an uncursed amulet of faith
 h - an amulet of the gourmand (around neck)
 j - a ring of wizardry (right front paw)
 k - a ring of resist corrosion (left front paw)
 q - a +5 ring of strength (on tentacle)
 s - a ring of see invisible (on tentacle)
Wands
 r - a wand of acid (6)
 u - a wand of enslavement (8)
Scrolls
 b - 3 scrolls of teleportation
 l - a scroll of enchant armour
 n - a scroll of amnesia
 o - 2 scrolls of enchant weapon
Potions
 d - 2 potions of mutation
 f - a potion of might {unknown}
 i - 2 potions of magic {unknown}
 m - a potion of brilliance {unknown}
 p - 2 potions of curing {unknown}
 t - a potion of ambrosia {unknown}
Comestibles
 c - 12 rations


   Skills:
 + Level 1.8 Fighting
 + Level 4.3 Dodging
 + Level 5.8 Stealth
 + Level 8.2 Unarmed Combat
 + Level 4.9 Spellcasting
 + Level 5.4 Transmutations
 * Level 4.7 Ice Magic
 + Level 3.4 Poison Magic


You had 7 spell levels left.
You knew the following spells:

 Your Spells              Type           Power        Failure   Level  Hunger
a - Beastly Appendage     Tmut           ###...       1%          1    None
b - Sticks to Snakes      Tmut           ###.....     1%          2    ##.....
c - Spider Form           Tmut/Pois      ###.......   3%          3    ###....
d - Ice Form              Ice/Tmut       ###.....     8%          4    ####...

Your spell library contained the following spells:

 Spells                   Type           Power        Failure   Level  Hunger
 Blade Hands              Tmut           ###.......   17%         5    ######.


Dungeon Overview and Level Annotations

Branches:
Dungeon (8/15)             Temple (1/1) D:4
   Lair: D:8-11

Altars:
Ashenzari
Cheibriados
Elyvilon
Fedhas
Hepliaklqana
Nemelex Xobeh
Qazlal
Sif Muna
Trog
Uskayaw
Vehumet
Xom
Yredelemnul
Zin
The Shining One
Lugonu

Shops:
D:5 (


Innate Abilities, Weirdness & Mutations

You cannot wear most types of armour.
You are very stealthy in the water. (Stealth+)
You are amphibious.
You can wear up to eight rings at the same time.
((You can use your tentacles to constrict eight enemies at once.))
((Your skin changes colour to match your surroundings (Stealth+).))
((Your rubbery body absorbs attacks. (AC +1, EV +1)))


Message History

You hit the killer bee. You freeze the killer bee.
The killer bee is moderately wounded.
The killer bee barely misses you. The killer bee stings you.
* * * LOW HITPOINT WARNING * * *
You barely miss the killer bee.
The killer bee is moderately wounded.
The killer bee stings you but does no damage.
The killer bee closely misses you.
You hit the killer bee. You freeze the killer bee.
The killer bee is moderately wounded.
The killer bee barely misses you. x2
Okay, then.
Okay, then.
You barely miss the killer bee.
The killer bee is moderately wounded.
The killer bee barely misses you.
You hit the killer bee. You freeze the killer bee.
The killer bee is severely wounded.
The killer bee stings you.
You die...

)....#.###..####............##...
.....#......#.####..........###..
.....#.........#.#...........##..
.#..#####.####.#...#.........#.#.
.##..#....###.....##...........##
.#........##....###..##..#.###.##
................###...##.####....
.................#...###.# ##...
............#..yY#..## #.# ##....
#........#'#...#....####.###.....
##.......+_+..####............#.#
.#....#..#+#....#............####
.#.....#................#...##
#...#.##...............####.#
###.#.##...............######
#...#.....##....#.###..###
#..........#.(..#........##


You could see a killer bee.

Vanquished Creatures
  Harold (D:7)
  A hungry ghost (D:7)
  An ice beast (D:7)
  A phantom (D:8)
  3 centaurs
  2 ogres (D:4)
  2 bullfrogs
  3 scorpions
  A killer bee (D:7)
  5 wights (D:6)
  2 howler monkeys (D:5)
  5 crimson imps
  3 orc priests
  A centaur skeleton (D:6)
  A hound (D:6)
  3 jellies
  2 orc wizards
  2 bullfrog skeletons (D:5)
  2 iguanas (D:6)
  Natasha (thrice) (D:2)
  A worker ant (D:4)
  7 gnolls
  9 adders
  2 shadow imps
  An ooze (D:2)
  2 adder zombies
  3 worms
  6 leopard geckos
  14 orcs
  A ball python (D:4)
  9 giant cockroaches
  12 goblins
  4 hobgoblins
  10 jackals
  5 kobolds
  5 quokkas
  7 bats
  A frilled lizard (D:2)
  A jackal skeleton (D:7)
  A leopard gecko skeleton (D:6)
  A quokka skeleton (D:4)
  12 rats
158 creatures vanquished.

Vanquished Creatures (collateral kills)
  A gnoll (D:1)
  A kobold (D:1)
2 creatures vanquished.

Vanquished Creatures (others)
  5 dream sheep (D:4)
  A sky beast (D:8)
  An orc (D:8)
  A quokka (D:8)
8 creatures vanquished.

Grand Total: 168 creatures vanquished

Notes
Turn   | Place    | Note
-------+----------+-------------------------------------------
     0 | D:1      | BlueFish the Octopode Transmuter began the quest for the
                  | Orb.
     0 | D:1      | Reached XP level 1. HP: 13/13 MP: 3/3
   243 | D:1      | Reached skill level 1 in Stealth
   243 | D:1      | Reached XP level 2. HP: 18/18 MP: 3/5
   247 | D:1      | Learned a level 2 spell: Sticks to Snakes
   671 | D:1      | Reached XP level 3. HP: 4/23 MP: 1/6
  1272 | D:2      | Found a faded altar of an unknown god.
  1353 | D:2      | Noticed Natasha
  1373 | D:2      | Learned a level 3 spell: Spider Form
  1380 | D:2      | Killed Natasha
  1380 | D:2      | Reached XP level 4. HP: 18/28 MP: 3/7
  1563 | D:2      | Noticed Natasha
  1571 | D:2      | Killed Natasha
  1571 | D:2      | Reached skill level 1 in Poison Magic
  2074 | D:2      | Noticed Natasha
  2080 | D:2      | Killed Natasha
  2080 | D:2      | Reached XP level 5. HP: 33/33 MP: 5/9
  2332 | D:3      | Learned a level 4 spell: Ice Form
  2673 | D:3      | Found a snail-covered altar of Cheibriados.
  2887 | D:4      | Found a staircase to the Ecumenical Temple.
  2905 | Temple   | Entered the Ecumenical Temple
  2995 | D:4      | Reached XP level 6. HP: 30/38 MP: 6/10
  3210 | D:4      | Reached skill level 4 in Unarmed Combat
  3230 | D:4      | Reached skill level 1 in Ice Magic
  3542 | D:4      | Reached XP level 7. HP: 43/43 MP: 9/12
  3571 | D:4      | Noticed a dream sheep
  3571 | D:4      | Noticed a dream sheep
  3571 | D:4      | Noticed a dream sheep
  3571 | D:4      | Noticed a dream sheep
  3571 | D:4      | Noticed a dream sheep
  3571 | D:4      | Found a shimmering altar of Xom.
  3577 | D:4      | Killed a dream sheep
  3578 | D:4      | Killed a dream sheep
  3578 | D:4      | Killed a dream sheep
  3578 | D:4      | Killed a dream sheep
  3578 | D:4      | Killed a dream sheep
  3863 | D:5      | Entered Level 5 of the Dungeon
  3909 | D:5      | Reached skill level 5 in Unarmed Combat
  4148 | D:5      | Found Ustrecoock's Antique Weapon Emporium.
  4176 | D:5      | Reached XP level 8. HP: 34/48 MP: 10/13
  4301 | D:5      | You fall into a shaft and drop 1 floor!
  4382 | D:6      | Reached skill level 6 in Unarmed Combat
  4475 | D:6      | Reached skill level 5 in Stealth
  4611 | D:6      | Found a blossoming altar of Fedhas.
  4665 | D:6      | Found a shimmering blue altar of Sif Muna.
  4671 | D:6      | Became a worshipper of Sif Muna the Loreminder
  4885 | D:6      | Found a shattered altar of Ashenzari.
  5249 | D:6      | Found a glowing golden altar of the Shining One.
  5722 | D:7      | Reached XP level 9. HP: 45/54 MP: 9/15
  5733 | D:7      | Reached skill level 7 in Unarmed Combat
  5768 | D:7      | Noticed Harold
  5782 | D:7      | HP: 3/64 [Harold/+3 short sword (15)]
  6424 | D:7      | Killed Harold
  6567 | D:7      | Found a shimmering altar of Xom.
  6592 | D:7      | Noticed a +0 hand axe
  6592 | D:7      | Noticed a +0 hand axe
  6716 | D:7      | Found a hide-covered altar of Uskayaw.
  6785 | D:7      | Reached skill level 5 in Transmutations
  6851 | D:7      | Found a sparkling altar of Nemelex Xobeh.
  7162 | D:7      | Reached skill level 8 in Unarmed Combat
  7363 | D:8      | Noticed a moth of wrath
  7365 | D:8      | Found a bloodstained altar of Trog.
  7382 | D:8      | Got a bone dagger
  7435 | D:8      | Reached * piety under Sif Muna
  7448 | D:8      | Found a white marble altar of Elyvilon.
  7556 | D:7      | HP: 2/64 [killer bee (6)]
  7560 | D:7      | Slain by a killer bee

Levels and vault maps discovered:
D:1:      nzn_arrival_depleted_hourglass, layout_rooms, minmay_quantized
D:2:      layout_basic, chequers_ecumenical_altar_simple, uniq_natasha
D:3:      layout_rooms, lemuel_coloured_pillars_altar, first_ration
D:4:      layout_cave_pools, minmay_temple_entry_sparse_star,
          kb_xom_exploding_sheep
D:5:      layout_loops_ring, marbit_many_paths, serial_shops,
          nicolae_shop_window_shopping, kennysheep_slug_shrine
D:6:      layout_basic, lemuel_crystal_altar, lemuel_round_altar,
          overflow_temple_1_default, cheibrodos_ashenzari_chains
D:7:      layout_cave_pools, dancing_weapons_uskayaw, kennysheep_mini,
          kennysheep_little_box, uniq_harold
D:8:      layout_layer_cave, elyvilon_altar_4, tgw_trog,
          nicolae_ru_the_path_less_chosen
Temple:   corrupted_temple

Skill      XL: |  1  2  3  4  5  6  7  8  9 |
---------------+----------------------------+-----
Stealth        | 1 2 3 4 5 |  5.8
Poison Magic   | 1 2 3 |  3.4
Spellcasting   | 3 4 |  4.9
Unarmed Combat | 4 5 6 8 |  8.2
Ice Magic      | 1 2 3 4 |  4.7
Transmutations | 3 4 5 |  5.4
Dodging        | 3 4 |  4.3
Fighting       | |  1.8

Action                   |  1- 3 |  4- 6 |  7- 9 || total
-------------------------+-------+-------+-------++-------
Melee: Unarmed           |    60 |   111 |   298 ||   469
       Kick              |    17 |     7 |    22 ||    46
       Constrict         |    10 |    11 |    22 ||    43
       Tentacles         |     5 |     6 |    17 ||    28
       Punch             |     1 |     1 |     2 ||     4
 Cast: Beastly Appendage |    19 |    19 |    17 ||    55
       Sticks to Snakes  |     2 |       |       ||     2
       Spider Form       |     1 |    14 |    12 ||    27
       Ice Form          |       |       |     9 ||     9
  Use: Scroll            |     3 |     6 |     6 ||    15
       Potion            |       |       |     5 ||     5
 Stab: Sleeping          |     9 |    11 |     7 ||    27
       Invisible         |       |       |     1 ||     1
  Eat: Chunk             |     2 |    18 |    24 ||    44
Armor: Skin              |       |     1 |    28 ||    29
Dodge: Dodged            |    34 |    68 |   191 ||   293

Table legend:
 A = Non-vault XP
 B = Vault XP
 C = Vault XP percentage of total XP
 D = Non-vault monster count
 E = Vault monster count
 F = Vault count percentage of total count
                 A         B        C        D         E       F
            +---------+---------+-------+---------+---------+-------
      Total |    3351 |    1063 |  24.1 |     154 |       8 |   4.9
            +---------+---------+-------+---------+---------+-------
        D:1 |      46 |       1 |   2.1 |      24 |       1 |   4.0
        D:2 |     117 |      35 |  23.0 |      16 |       1 |   5.9
        D:3 |      56 |       0 |   0.0 |      16 |       0 |   0.0
        D:4 |     489 |       0 |   0.0 |      19 |       0 |   0.0
        D:5 |     572 |       0 |   0.0 |      24 |       0 |   0.0
        D:6 |    1004 |       0 |   0.0 |      27 |       0 |   0.0
        D:7 |     649 |    1018 |  61.1 |      14 |       1 |   6.7
        D:8 |     418 |       9 |   2.1 |      14 |       5 |  26.3
            +---------+---------+-------+---------+---------+-------
